Coutelas vs Demolitions
Created - March 1, 2021 at 19:12
Goals
|
| Coutelas |
2 |
1 |
0 |
3 |
| Demolitions |
2 |
2 |
5 |
9 |
|
Shots
|
| Coutelas |
18 |
3 |
5 |
26 |
| Demolitions |
17 |
8 |
17 |
42 |
|
1st period
1. Demolitions , Joshua Leivo 21 (Nikita Tryamkin 23, Christoph Bertschy 15) at 7:42
2. Coutelas , Dustin Kohn 8 (Martins Karsums 17, Craig Cunningham 32) at 14:22 (PP)
3. Coutelas , Dustin Kohn 9 (Stefan Matteau 40, Martins Karsums 18) at 14:38
4. Demolitions , Dennis Everberg 19 (Phil McRae 49) at 14:50
Penalties :
Jeremy Roy (Vic) for Charging (Minor) at 5:06, Taylor Beck (Vic) for Goalie Interference (Minor) at 14:09
2nd period
5. Demolitions , J.T. Brown 33 (Andrej Nestrasil 30) at 7:00
6. Coutelas , Stefan Matteau 30 (Dustin Kohn 48, Craig Cunningham 33) at 8:09 (PP)
7. Demolitions , Denis Gurianov 11 (Christoph Bertschy 16, Nikita Tryamkin 24) at 14:00
Penalties :
Brandon Saad (Vic) for High sticking (Minor) at 8:02, Stefan Matteau (MDÉ) for Goalie Interference (Minor) at 16:04
3rd period
8. Demolitions , Dennis Everberg 20 (Andrej Nestrasil 31) at 9:58 (PP)
9. Demolitions , Brandon Saad 45 (Juuso Riikola 28, Phil McRae 50) at 10:31 (PP)
10. Demolitions , Brandon Saad 46 (Phil McRae 51, Dennis Everberg 26) at 11:46
11. Demolitions , Juuso Riikola 3 (Brandon Saad 38, Phil McRae 52) at 17:30 (PP)
12. Demolitions , J.T. Brown 34 (Juuso Riikola 29) at 17:59
Penalties :
Taylor Aronson (Vic) for Hooking (Minor) at 3:21, Nick Mattson (MDÉ) for Roughing (Double Minor) at 9:53, Dustin Kohn (MDÉ) for Holding (Minor) at 13:27, Nick Ritchie (MDÉ) for Cross-checking (Minor) at 17:08
Goalie Stats
Joe Cannata (MDÉ), 33 saves from 42 shots - (0.786), L, 22-9-3, 60:00 minutes
Brandon Halverson (Vic), 23 saves from 26 shots - (0.885), W, 9-5-4, 60:00 minutes
Players Stats for Coutelas
Player Name G A P +/- PIM S H SB GA TA FO MP PP MP PK MP
------------------------------------------------------------------------------------
Ben Harpur 0 0 0 0 0 0 1 2 0 1 0/0 18:31 2:00 1:39
Craig Cunningham 0 2 2 -1 0 1 3 0 0 0 1/1 20:37 2:19 1:37
Dustin Kohn 2 1 3 -3 2 3 2 1 1 0 0/0 25:59 2:18 2:05
Martins Karsums 0 2 2 -1 0 2 6 2 1 0 5/12 22:39 2:31 3:02
Mattias Janmark 0 0 0 -1 0 0 1 0 0 0 0/0 8:17 0:00 0:00
Mike Amadio 0 0 0 0 0 1 0 0 0 0 3/4 11:34 0:00 1:13
Mike Reilly 0 0 0 -2 0 0 0 1 1 0 0/0 15:06 0:00 0:17
Mikhail Grigorenko 0 0 0 -1 0 1 1 0 0 0 1/3 9:25 0:00 0:39
Nick Mattson 0 0 0 0 4 1 2 1 1 1 0/0 17:56 2:00 1:22
Nick Ritchie 0 0 0 -3 2 2 4 0 0 0 0/0 17:17 1:47 0:39
Nikita Scherbak 0 0 0 -1 0 0 0 0 0 1 0/0 8:17 0:00 0:00
Oliver Bjorkstrand 0 0 0 -3 0 1 3 0 0 2 0/1 16:39 1:47 0:00
Patrick Sieloff 0 0 0 -2 0 1 0 0 0 1 0/0 15:46 0:00 1:14
Petter Granberg 0 0 0 -3 0 1 1 2 0 0 0/0 26:57 2:18 3:19
Rhett Rakhshani 0 0 0 0 0 2 2 0 0 0 0/0 10:12 0:00 0:00
Stefan Matteau 1 1 2 -1 2 5 5 1 0 0 9/23 21:41 2:31 1:58
Tanner Richard 0 0 0 -3 0 3 2 0 0 1 6/12 16:39 1:47 0:00
Teemu Pulkkinen 0 0 0 0 0 2 2 0 1 0 0/0 11:26 0:12 0:48
Players Stats for Demolitions
Player Name G A P +/- PIM S H SB GA TA FO MP PP MP PK MP
------------------------------------------------------------------------------------
Aaron Haydon 0 0 0 1 0 0 0 0 0 0 0/0 4:27 0:00 0:25
Andrej Nestrasil 0 2 2 2 0 1 1 0 1 0 4/9 16:54 1:54 0:00
Brandon Saad 2 1 3 1 2 11 2 0 1 1 5/7 26:12 2:57 2:08
Christoph Bertschy 0 2 2 2 0 0 3 0 0 0 0/5 14:00 0:01 0:00
Denis Gurianov 1 0 1 2 0 2 4 0 0 0 0/0 15:44 3:03 0:00
Dennis Everberg 2 1 3 1 0 8 1 0 1 0 0/1 18:38 1:54 1:20
J.T. Brown 2 0 2 2 0 6 4 0 0 0 1/1 16:08 0:00 1:20
Jeremy Roy 0 0 0 0 2 0 0 0 0 0 0/0 14:21 0:00 0:42
Joel Vermin 0 0 0 0 0 0 0 0 1 0 0/0 7:26 0:00 0:00
Joshua Leivo 1 0 1 2 0 3 0 0 0 0 0/0 13:53 0:08 0:32
Juuso Riikola 1 2 3 4 0 2 1 0 0 0 0/0 24:14 3:31 2:33
Michael Ferland 0 0 0 0 0 0 0 0 0 0 0/1 8:50 0:00 1:10
Michael Prapavessis 0 0 0 0 0 0 0 1 0 0 0/0 13:40 0:00 0:00
Nikita Tryamkin 0 2 2 3 0 3 1 0 1 2 0/0 27:36 3:31 2:33
Phil McRae 0 4 4 1 0 4 1 1 0 0 20/31 18:05 3:03 0:00
Taylor Aronson 0 0 0 1 2 0 1 0 1 1 0/0 17:57 1:27 0:38
Taylor Beck 0 0 0 2 2 2 3 0 1 1 1/1 19:22 1:54 2:06
Tommy Vannelli 0 0 0 1 0 0 0 0 0 0 0/0 18:11 1:27 1:45
3 Stars
1 - Juuso Riikola (Vic)
2 - J.T. Brown (Vic)
3 - Dennis Everberg (Vic)
Power Play
Coutelas - 2 on 4 Attempt(s) - 50.00%
Demolitions - 3 on 5 Attempt(s) - 60.00%
Penalty Kill
Coutelas - 2 on 5 Attempt(s) - 40.00%
- Score 0 goal in Penalty Kill
Demolitions - 2 on 4 Attempt(s) - 50.00%
- Score 0 goal in Penalty Kill
Team Stat
Coutelas - Hits : 35 - Faceoff Wins : 25 - Blocked Shots : 10 - Penalty Minutes : 10
Demolitions - Hits : 22 - Faceoff Wins : 31 - Blocked Shots : 2 - Penalty Minutes : 8
Official
Referees : Unknown
Linesman : Unknown
Game Notes
No Game Note
Finance
Level 1 -- Attendance: 2000 (100.00%) -- Ticket Income $26,000
Level 2 -- Attendance: 1000 (100.00%) -- Ticket Income $2,000
Total Attendance: 3000 (100.00%)
Total Ticket Income: $28,000
Other Income: $1,400
Total Income: $29,400
Coutelas
5 vs 5 Forward
Center Left Wing Right Wing Time % Phy DF OF
1 Stefan Matteau Craig Cunningham Martins Karsums 40 1 2 2
2 Tanner Richard Nick Ritchie Oliver Bjorkstrand 30 1 2 2
3 Mike Amadio Teemu Pulkkinen Rhett Rakhshani 20 1 2 2
4 Mikhail Grigorenko Mattias Janmark Nikita Scherbak 10 1 2 2
5 vs 5 Defense
Defense Defense Time % Phy DF OF
1 Petter Granberg Dustin Kohn 40 1 2 2
2 Ben Harpur Nick Mattson 30 1 2 2
3 Mike Reilly Patrick Sieloff 20 1 2 2
4 Petter Granberg Dustin Kohn 10 1 2 2
PowerPlay Forward
Center Left Wing Right Wing Time % Phy DF OF
1 Stefan Matteau Craig Cunningham Martins Karsums 60 1 2 2
2 Tanner Richard Nick Ritchie Oliver Bjorkstrand 40 1 2 2
PowerPlay Defense
Defense Defense Time % Phy DF OF
1 Petter Granberg Dustin Kohn 60 1 2 2
2 Ben Harpur Nick Mattson 40 1 2 2
Penalty Kill 4 Players Forward
Center Wing Time % Phy DF OF
1 Martins Karsums Stefan Matteau 60 1 2 2
2 Craig Cunningham Nick Ritchie 40 1 2 2
Penalty Kill 4 Players Defense
Defense Defense Time % Phy DF OF
1 Petter Granberg Dustin Kohn 60 1 2 2
2 Ben Harpur Nick Mattson 40 1 2 2
Penalty Kill - 3 Players Forward
Forward Time % Phy DF OF
1 Martins Karsums 60 1 2 2
2 Stefan Matteau 40 1 2 2
Penalty Kill - 3 Players Defense
Defense Defense Time % Phy DF OF
1 Petter Granberg Dustin Kohn 60 1 2 2
2 Ben Harpur Nick Mattson 40 1 2 2
4 vs 4 Forward
Center Wing Time % Phy DF OF
1 Martins Karsums Stefan Matteau 60 1 2 2
2 Craig Cunningham Nick Ritchie 40 1 2 2
4 vs 4 Defense
Defense Defense Time % Phy DF OF
1 Petter Granberg Dustin Kohn 60 1 2 2
2 Ben Harpur Nick Mattson 40 1 2 2
Last Minutes Offensive
Center Left Wing Right Wing Defense Defense
Stefan Matteau Craig Cunningham Martins Karsums Petter Granberg Dustin Kohn
Last Minutes Defensive
Center Left Wing Right Wing Defense Defense
Stefan Matteau Craig Cunningham Martins Karsums Petter Granberg Dustin Kohn
Goaltenders
Starting : Joe Cannata
Backup : Mackenzie Blackwood
Extra Forwards
Normal : Teemu Pulkkinen, Rhett Rakhshani, Mike Amadio - PP : Teemu Pulkkinen, Rhett Rakhshani - PK : Mike Amadio
Extra Defensemen
Normal : Mike Reilly, Patrick Sieloff, Ben Harpur - PP : Mike Reilly - PK : Patrick Sieloff, Ben Harpur
Penalty Shots
Martins Karsums, Stefan Matteau, Craig Cunningham, Nick Ritchie, Tanner Richard
Scratches
Ross Johnston (Healthy), Patrick Russell (Healthy), Myles Bell (Healthy), Zach Whitecloud (Healthy), Nick Paul (Healthy)
Kurtis Gabriel (Healthy), Duncan Siemens (Healthy), Calle Andersson (Healthy), Julius Honka (Healthy), Clark Bishop (Healthy)
JJ. Piccinich (Healthy), Michael Giugovaz (Healthy)
Demolitions
5 vs 5 Forward
Center Left Wing Right Wing Time % Phy DF OF
1 Phil McRae Brandon Saad Dennis Everberg 40 1 2 2
2 Andrej Nestrasil Taylor Beck J.T. Brown 30 1 2 2
3 Christoph Bertschy Joshua Leivo Denis Gurianov 20 1 2 2
4 Brandon Saad Michael Ferland Joel Vermin 10 1 2 2
5 vs 5 Defense
Defense Defense Time % Phy DF OF
1 Nikita Tryamkin Juuso Riikola 40 1 2 2
2 Taylor Aronson Tommy Vannelli 30 1 2 2
3 Michael Prapavessis Jeremy Roy 20 1 2 2
4 Aaron Haydon Nikita Tryamkin 10 1 2 2
PowerPlay Forward
Center Left Wing Right Wing Time % Phy DF OF
1 Phil McRae Brandon Saad Denis Gurianov 60 1 2 2
2 Andrej Nestrasil Taylor Beck Dennis Everberg 40 1 2 2
PowerPlay Defense
Defense Defense Time % Phy DF OF
1 Nikita Tryamkin Juuso Riikola 60 1 2 2
2 Taylor Aronson Tommy Vannelli 40 1 2 2
Penalty Kill 4 Players Forward
Center Wing Time % Phy DF OF
1 Brandon Saad Taylor Beck 60 1 2 2
2 Dennis Everberg J.T. Brown 40 1 2 2
Penalty Kill 4 Players Defense
Defense Defense Time % Phy DF OF
1 Nikita Tryamkin Juuso Riikola 60 1 2 2
2 Taylor Aronson Tommy Vannelli 40 1 2 2
Penalty Kill - 3 Players Forward
Forward Time % Phy DF OF
1 Brandon Saad 60 1 2 2
2 Taylor Beck 40 1 2 2
Penalty Kill - 3 Players Defense
Defense Defense Time % Phy DF OF
1 Nikita Tryamkin Juuso Riikola 60 1 2 2
2 Taylor Aronson Tommy Vannelli 40 1 2 2
4 vs 4 Forward
Center Wing Time % Phy DF OF
1 Brandon Saad Taylor Beck 60 1 2 2
2 Dennis Everberg J.T. Brown 40 1 2 2
4 vs 4 Defense
Defense Defense Time % Phy DF OF
1 Nikita Tryamkin Juuso Riikola 60 1 2 2
2 Taylor Aronson Tommy Vannelli 40 1 2 2
Last Minutes Offensive
Center Left Wing Right Wing Defense Defense
Phil McRae Brandon Saad Dennis Everberg Nikita Tryamkin Juuso Riikola
Last Minutes Defensive
Center Left Wing Right Wing Defense Defense
Phil McRae Brandon Saad Dennis Everberg Nikita Tryamkin Juuso Riikola
Goaltenders
Starting : Brandon Halverson
Backup : Thatcher Demko
Extra Forwards
Normal : Joshua Leivo, Christoph Bertschy, Michael Ferland - PP : Joshua Leivo, Christoph Bertschy - PK : Michael Ferland
Extra Defensemen
Normal : Michael Prapavessis, Jeremy Roy, Aaron Haydon - PP : Michael Prapavessis - PK : Jeremy Roy, Aaron Haydon
Penalty Shots
Brandon Saad, Taylor Beck, Dennis Everberg, J.T. Brown, Phil McRae
Scratches
Alex Hutchings (Healthy), Thomas DiPauli (Healthy), Mitch Callahan (Healthy), Wiley Sherman (Healthy), Tyler Graovac (Healthy)
Taylor Leier (Healthy), Jared Staal (Healthy), Jaedon Descheneau (Healthy), Jake Paterson (Healthy)
% Time on Ice - Coutelas
Lines # - Real PCT - Wanted PCT - Time Play
Normal Forward
1 - 34% - 40% - 17:30
2 - 29% - 30% - 14:52
3 - 20% - 20% - 10:05
4 - 16% - 10% - 8:17
Normal Defense
1 - 40% - 40% - 20:15
2 - 29% - 30% - 14:35
3 - 29% - 20% - 14:32
4 - 3% - 10% - 1:22
PP Forward
1 - 59% - 60% - 2:31
2 - 41% - 40% - 1:47
PP Defense
1 - 53% - 60% - 2:18
2 - 47% - 40% - 2:00
PK Forward
1 - 87% - 60% - 4:19
2 - 13% - 40% - 0:39
PK Defense
1 - 72% - 60% - 3:36
2 - 28% - 40% - 1:22
PK3 Forward
1 - 0% - 60%
2 - 0% - 40%
PK3 Defense
1 - 0% - 60%
2 - 0% - 40%
44 Forward
1 - 0% - 60%
2 - 0% - 40%
44 Defense
1 - 0% - 60%
2 - 0% - 40%
Last Minute Offensive - 0:00
Last Minute Defensive - 0:00
Total
Forward - 60:00
Defense - 60:00
|
% Time on Ice - Demolitions
Lines # - Real PCT - Wanted PCT - Time Play
Normal Forward
1 - 31% - 40% - 15:32
2 - 30% - 30% - 15:05
3 - 25% - 20% - 12:41
4 - 15% - 10% - 7:26
Normal Defense
1 - 36% - 40% - 18:03
2 - 31% - 30% - 15:48
3 - 25% - 20% - 12:51
4 - 8% - 10% - 4:02
PP Forward
1 - 62% - 60% - 3:04
2 - 38% - 40% - 1:54
PP Defense
1 - 71% - 60% - 3:31
2 - 29% - 40% - 1:27
PK Forward
1 - 69% - 60% - 2:58
2 - 31% - 40% - 1:20
PK Defense
1 - 59% - 60% - 2:33
2 - 41% - 40% - 1:45
PK3 Forward
1 - 0% - 60%
2 - 0% - 40%
PK3 Defense
1 - 0% - 60%
2 - 0% - 40%
44 Forward
1 - 0% - 60%
2 - 0% - 40%
44 Defense
1 - 0% - 60%
2 - 0% - 40%
Last Minute Offensive - 0:00
Last Minute Defensive - 0:00
Total
Forward - 60:00
Defense - 60:00
|
Play-by-Play
1st period
0:01 of 1st period - Stefan Matteau wins face-off versus Phil McRae in neutral zone.
0:31 of 1st period - Slapshot by Taylor Beck.
0:31 of 1st period - Stopped by Joe Cannata with a rebound.
0:33 of 1st period - Slapshot by Taylor Aronson.
0:33 of 1st period - Deflect By J.T. Brown.
0:33 of 1st period - Stopped by Joe Cannata with a rebound.
0:45 of 1st period - Backhand shot by Petter Granberg.
0:45 of 1st period - Stopped by Brandon Halverson without a rebound.
0:46 of 1st period - Mike Amadio wins face-off versus Christoph Bertschy in Demolitions zone.
1:34 of 1st period - Slapshot by Stefan Matteau.
1:34 of 1st period - Shot Misses the Net.
1:40 of 1st period - Snap shot by Martins Karsums.
1:40 of 1st period - Deflect By J.T. Brown.
1:40 of 1st period - Shot Misses the Net.
1:40 of 1st period - Puck is out of play.
1:41 of 1st period - Phil McRae wins face-off versus Tanner Richard in Demolitions zone.
2:15 of 1st period - J.T. Brown is hit by Craig Cunningham and loses puck.
2:36 of 1st period - Snap shot by Teemu Pulkkinen.
2:36 of 1st period - Stopped by Brandon Halverson with a rebound.
2:38 of 1st period - Snap shot by Rhett Rakhshani.
2:38 of 1st period - Stopped by Brandon Halverson with a rebound.
3:11 of 1st period - Wrist shot by Taylor Beck.
3:11 of 1st period - Stopped by Joe Cannata with a rebound.
3:45 of 1st period - Christoph Bertschy is hit by Nick Mattson and loses puck.
4:06 of 1st period - Dustin Kohn is hit by Andrej Nestrasil and loses puck.
4:21 of 1st period - Brandon Saad is hit by Tanner Richard.
4:54 of 1st period - Icing by Tommy Vannelli.
4:55 of 1st period - Brandon Saad wins face-off versus Mike Amadio in Demolitions zone.
5:00 of 1st period - Wrist shot by Oliver Bjorkstrand.
5:00 of 1st period - Stopped by Brandon Halverson without a rebound.
5:01 of 1st period - Tanner Richard wins face-off versus Andrej Nestrasil in Demolitions zone.
5:04 of 1st period - Wrist shot by Tanner Richard.
5:04 of 1st period - Shot Misses the Net.
5:06 of 1st period - Minor Penalty to Jeremy Roy for Charging.
5:07 of 1st period - Stefan Matteau wins face-off versus Brandon Saad in Demolitions zone.
6:04 of 1st period - Dennis Everberg is hit by Craig Cunningham and loses puck.
6:35 of 1st period - Icing by Martins Karsums.
6:36 of 1st period - Stefan Matteau wins face-off versus Dennis Everberg in Coutelas zone.
7:06 of 1st period - Penalty to Jeremy Roy is over, Jeremy Roy is back on ice.
7:11 of 1st period - Juuso Riikola is hit by Teemu Pulkkinen and loses puck.
7:38 of 1st period - Snap shot by Joshua Leivo.
7:38 of 1st period - Stopped by Joe Cannata with a rebound.
7:42 of 1st period - Snap shot by Joshua Leivo.
7:42 of 1st period - Goal by Joshua Leivo - Coutelas : 0 - Demolitions : 1.
7:43 of 1st period - Martins Karsums wins face-off versus Christoph Bertschy in neutral zone.
7:49 of 1st period - Off-side.
7:50 of 1st period - Stefan Matteau wins face-off versus Christoph Bertschy in neutral zone.
8:40 of 1st period - Slapshot by Teemu Pulkkinen.
8:40 of 1st period - Shot Misses the Net.
8:42 of 1st period - Snap shot by Ben Harpur.
8:42 of 1st period - Shot Misses the Net.
8:55 of 1st period - Icing by Ben Harpur.
8:56 of 1st period - Brandon Saad wins face-off versus Mikhail Grigorenko in Coutelas zone.
9:03 of 1st period - Slapshot by Brandon Saad.
9:03 of 1st period - Shot Blocked by Ben Harpur.
9:05 of 1st period - Slapshot by Nikita Tryamkin.
9:05 of 1st period - Stopped by Joe Cannata without a rebound.
9:06 of 1st period - Stefan Matteau wins face-off versus Phil McRae in Coutelas zone.
9:11 of 1st period - Brandon Saad is hit by Martins Karsums and loses puck.
9:16 of 1st period - Slapshot by Martins Karsums.
9:16 of 1st period - Deflect By Stefan Matteau.
9:16 of 1st period - Shot Misses the Net.
9:16 of 1st period - Puck is out of play.
9:17 of 1st period - Phil McRae wins face-off versus Stefan Matteau in Demolitions zone.
9:17 of 1st period - Phil McRae is hit by Martins Karsums.
9:35 of 1st period - Brandon Saad is hit by Stefan Matteau and loses puck.
9:54 of 1st period - Snap shot by Nick Ritchie.
9:54 of 1st period - Shot Misses the Net.
10:10 of 1st period - Ben Harpur is hit by Denis Gurianov and loses puck.
10:15 of 1st period - Snap shot by Joshua Leivo.
10:15 of 1st period - Shot Blocked by Ben Harpur.
10:37 of 1st period - Snap shot by Brandon Saad.
10:37 of 1st period - Stopped by Joe Cannata with a rebound.
10:51 of 1st period - Snap shot by Dennis Everberg.
10:51 of 1st period - Shot Misses the Net.
11:01 of 1st period - Mikhail Grigorenko is hit by J.T. Brown.
11:26 of 1st period - Taylor Aronson is hit by Stefan Matteau and loses puck.
11:43 of 1st period - Wrist shot by Nick Ritchie.
11:43 of 1st period - Stopped by Brandon Halverson without a rebound.
11:44 of 1st period - Tanner Richard wins face-off versus Andrej Nestrasil in Demolitions zone.
11:47 of 1st period - Snap shot by Tanner Richard.
11:47 of 1st period - Stopped by Brandon Halverson without a rebound.
11:48 of 1st period - Taylor Beck wins face-off versus Stefan Matteau in Demolitions zone.
11:48 of 1st period - Taylor Beck is hit by Martins Karsums.
12:04 of 1st period - Wrist shot by Andrej Nestrasil.
12:04 of 1st period - Deflect By Martins Karsums.
12:04 of 1st period - Shot Misses the Net.
12:04 of 1st period - Puck is out of play.
12:05 of 1st period - Tanner Richard wins face-off versus Phil McRae in Coutelas zone.
12:18 of 1st period - Wrist shot by Nick Ritchie.
12:18 of 1st period - Stopped by Brandon Halverson without a rebound.
12:19 of 1st period - Phil McRae wins face-off versus Stefan Matteau in Demolitions zone.
12:23 of 1st period - Off-side.
12:24 of 1st period - Phil McRae wins face-off versus Stefan Matteau in neutral zone.
12:29 of 1st period - Slapshot by Dennis Everberg.
12:29 of 1st period - Shot Misses the Net.
12:33 of 1st period - Wrist shot by Phil McRae.
12:33 of 1st period - Deflect By Dennis Everberg.
12:33 of 1st period - Shot Blocked by Martins Karsums.
12:33 of 1st period - Puck is out of play.
12:34 of 1st period - Phil McRae wins face-off versus Stefan Matteau in Coutelas zone.
12:45 of 1st period - Snap shot by Dennis Everberg.
12:45 of 1st period - Stopped by Joe Cannata with a rebound.
12:47 of 1st period - Snap shot by Dennis Everberg.
12:47 of 1st period - Shot Blocked by Stefan Matteau.
12:49 of 1st period - Snap shot by Phil McRae.
12:49 of 1st period - Stopped by Joe Cannata with a rebound.
13:24 of 1st period - Teemu Pulkkinen is hit by Christoph Bertschy and loses puck.
13:49 of 1st period - Wrist shot by Dennis Everberg.
13:49 of 1st period - Stopped by Joe Cannata without a rebound.
13:50 of 1st period - Craig Cunningham wins face-off versus Andrej Nestrasil in Coutelas zone.
13:50 of 1st period - Craig Cunningham is hit by Taylor Beck.
14:09 of 1st period - Minor Penalty to Taylor Beck for Goalie Interference.
14:10 of 1st period - Stefan Matteau wins face-off versus Brandon Saad in Demolitions zone.
14:14 of 1st period - Wrist shot by Martins Karsums.
14:14 of 1st period - Stopped by Brandon Halverson with a rebound.
14:16 of 1st period - Slapshot by Craig Cunningham.
14:16 of 1st period - Shot Misses the Net.
14:18 of 1st period - Snap shot by Martins Karsums.
14:18 of 1st period - Stopped by Brandon Halverson with a rebound.
14:20 of 1st period - Slapshot by Dustin Kohn.
14:20 of 1st period - Shot Misses the Net.
14:22 of 1st period - Slapshot by Dustin Kohn.
14:22 of 1st period - Goal by Dustin Kohn - Coutelas : 1 - Demolitions : 1.
14:23 of 1st period - Stefan Matteau wins face-off versus Phil McRae in neutral zone.
14:28 of 1st period - Snap shot by Craig Cunningham.
14:28 of 1st period - Stopped by Brandon Halverson with a rebound.
14:30 of 1st period - Slapshot by Petter Granberg.
14:30 of 1st period - Deflect By Stefan Matteau.
14:30 of 1st period - Stopped by Brandon Halverson with a rebound.
14:34 of 1st period - Snap shot by Stefan Matteau.
14:34 of 1st period - Shot Misses the Net.
14:36 of 1st period - Backhand shot by Stefan Matteau.
14:36 of 1st period - Shot Misses the Net.
14:38 of 1st period - Slapshot by Dustin Kohn.
14:38 of 1st period - Goal by Dustin Kohn - Coutelas : 2 - Demolitions : 1.
14:39 of 1st period - Phil McRae wins face-off versus Tanner Richard in neutral zone.
14:46 of 1st period - Wrist shot by Dennis Everberg.
14:46 of 1st period - Stopped by Joe Cannata with a rebound.
14:48 of 1st period - Slapshot by Nikita Tryamkin.
14:48 of 1st period - Stopped by Joe Cannata without a rebound.
14:49 of 1st period - Phil McRae wins face-off versus Tanner Richard in Coutelas zone.
14:50 of 1st period - Snap shot by Dennis Everberg.
14:50 of 1st period - Goal by Dennis Everberg - Coutelas : 2 - Demolitions : 2.
14:51 of 1st period - Martins Karsums wins face-off versus Phil McRae in neutral zone.
15:18 of 1st period - Taylor Aronson is hit by Oliver Bjorkstrand and loses puck.
15:25 of 1st period - Snap shot by Tanner Richard.
15:25 of 1st period - Stopped by Brandon Halverson without a rebound.
15:26 of 1st period - J.T. Brown wins face-off versus Stefan Matteau in Demolitions zone.
16:00 of 1st period - Snap shot by Phil McRae.
16:00 of 1st period - Stopped by Joe Cannata with a rebound.
16:18 of 1st period - Slapshot by Rhett Rakhshani.
16:18 of 1st period - Shot Blocked by Michael Prapavessis.
16:20 of 1st period - Wrist shot by Mike Amadio.
16:20 of 1st period - Stopped by Brandon Halverson with a rebound.
16:36 of 1st period - Wrist shot by Martins Karsums.
16:36 of 1st period - Shot Misses the Net.
16:38 of 1st period - Snap shot by Craig Cunningham.
16:38 of 1st period - Shot Misses the Net.
16:40 of 1st period - Slapshot by Martins Karsums.
16:40 of 1st period - Shot Misses the Net.
16:42 of 1st period - Wrist shot by Dustin Kohn.
16:42 of 1st period - Stopped by Brandon Halverson with a rebound.
16:44 of 1st period - Snap shot by Stefan Matteau.
16:44 of 1st period - Stopped by Brandon Halverson without a rebound.
16:45 of 1st period - Phil McRae wins face-off versus Tanner Richard in Demolitions zone.
16:54 of 1st period - Snap shot by Tanner Richard.
16:54 of 1st period - Stopped by Brandon Halverson with a rebound.
17:21 of 1st period - Snap shot by Andrej Nestrasil.
17:21 of 1st period - Stopped by Joe Cannata without a rebound.
17:22 of 1st period - Phil McRae wins face-off versus Tanner Richard in Coutelas zone.
17:23 of 1st period - Wrist shot by Dennis Everberg.
17:23 of 1st period - Stopped by Joe Cannata with a rebound.
17:25 of 1st period - Wrist shot by Dennis Everberg.
17:25 of 1st period - Shot Misses the Net.
17:27 of 1st period - Wrist shot by Nikita Tryamkin.
17:27 of 1st period - Stopped by Joe Cannata with a rebound.
18:11 of 1st period - Stefan Matteau is hit by Denis Gurianov and loses puck.
Goals for this period are 2 for Coutelas vs 2 for Demolitions.
Shots for this period are 18 for Coutelas vs 17 for Demolitions.
2nd period
0:01 of 2nd period - Tanner Richard wins face-off versus Phil McRae in neutral zone.
0:35 of 2nd period - Snap shot by J.T. Brown.
0:35 of 2nd period - Shot Misses the Net.
0:37 of 2nd period - Slapshot by J.T. Brown.
0:37 of 2nd period - Stopped by Joe Cannata with a rebound.
1:12 of 2nd period - Brandon Saad is hit by Dustin Kohn and loses puck.
2:25 of 2nd period - Wrist shot by Nick Mattson.
2:25 of 2nd period - Stopped by Brandon Halverson with a rebound.
3:03 of 2nd period - Phil McRae is hit by Rhett Rakhshani and loses puck.
3:28 of 2nd period - Nikita Tryamkin is hit by Martins Karsums and loses puck.
3:39 of 2nd period - Andrej Nestrasil is hit by Petter Granberg.
5:11 of 2nd period - Phil McRae is hit by Nick Ritchie and loses puck.
5:18 of 2nd period - Tanner Richard is hit by Dennis Everberg and loses puck.
5:43 of 2nd period - Brandon Saad is hit by Tanner Richard.
6:32 of 2nd period - Snap shot by Brandon Saad.
6:32 of 2nd period - Shot Misses the Net.
6:34 of 2nd period - Snap shot by Brandon Saad.
6:34 of 2nd period - Stopped by Joe Cannata without a rebound.
6:35 of 2nd period - Martins Karsums wins face-off versus Andrej Nestrasil in Coutelas zone.
6:47 of 2nd period - Off-side.
6:48 of 2nd period - Andrej Nestrasil wins face-off versus Stefan Matteau in neutral zone.
6:56 of 2nd period - Snap shot by J.T. Brown.
6:56 of 2nd period - Stopped by Joe Cannata with a rebound.
7:00 of 2nd period - Wrist shot by J.T. Brown.
7:00 of 2nd period - Goal by J.T. Brown - Coutelas : 2 - Demolitions : 3.
7:01 of 2nd period - Andrej Nestrasil wins face-off versus Stefan Matteau in neutral zone.
7:29 of 2nd period - Wrist shot by Denis Gurianov.
7:29 of 2nd period - Stopped by Joe Cannata without a rebound.
7:30 of 2nd period - Mike Amadio wins face-off versus Christoph Bertschy in Coutelas zone.
7:35 of 2nd period - Joshua Leivo is hit by Rhett Rakhshani.
7:47 of 2nd period - Wrist shot by Rhett Rakhshani.
7:47 of 2nd period - Stopped by Brandon Halverson without a rebound.
7:48 of 2nd period - Phil McRae wins face-off versus Stefan Matteau in Demolitions zone.
8:02 of 2nd period - Minor Penalty to Brandon Saad for High sticking.
8:03 of 2nd period - Stefan Matteau wins face-off versus Michael Ferland in Demolitions zone.
8:07 of 2nd period - Snap shot by Craig Cunningham.
8:07 of 2nd period - Shot Hit the Post.
8:09 of 2nd period - Slapshot by Dustin Kohn.
8:09 of 2nd period - Deflect By Stefan Matteau.
8:09 of 2nd period - Goal by Stefan Matteau - Coutelas : 3 - Demolitions : 3.
8:10 of 2nd period - Phil McRae wins face-off versus Stefan Matteau in neutral zone.
8:35 of 2nd period - Oliver Bjorkstrand is hit by J.T. Brown and loses puck.
8:46 of 2nd period - Wrist shot by J.T. Brown.
8:46 of 2nd period - Stopped by Joe Cannata with a rebound.
8:48 of 2nd period - Wrist shot by Andrej Nestrasil.
8:48 of 2nd period - Shot Blocked by Nick Mattson.
9:02 of 2nd period - Snap shot by Christoph Bertschy.
9:02 of 2nd period - Shot Misses the Net.
9:24 of 2nd period - Snap shot by Brandon Saad.
9:24 of 2nd period - Stopped by Joe Cannata with a rebound.
9:30 of 2nd period - Brandon Saad is hit by Mattias Janmark and loses puck.
10:06 of 2nd period - Snap shot by Brandon Saad.
10:06 of 2nd period - Shot Misses the Net.
11:24 of 2nd period - Ben Harpur is hit by Brandon Saad and loses puck.
11:48 of 2nd period - Teemu Pulkkinen is hit by Brandon Saad and loses puck.
12:42 of 2nd period - Tommy Vannelli is hit by Nick Ritchie and loses puck.
12:49 of 2nd period - Snap shot by Tanner Richard.
12:49 of 2nd period - Shot Misses the Net.
13:21 of 2nd period - Taylor Aronson is hit by Martins Karsums and loses puck.
13:30 of 2nd period - Mike Reilly is hit by Nikita Tryamkin and loses puck.
13:48 of 2nd period - Slapshot by Denis Gurianov.
13:48 of 2nd period - Shot Misses the Net.
13:50 of 2nd period - Slapshot by Nikita Tryamkin.
13:50 of 2nd period - Shot Blocked by Mike Reilly.
14:00 of 2nd period - Slapshot by Denis Gurianov.
14:00 of 2nd period - Goal by Denis Gurianov - Coutelas : 3 - Demolitions : 4.
14:01 of 2nd period - Tanner Richard wins face-off versus Phil McRae in neutral zone.
14:53 of 2nd period - Taylor Aronson is hit by Stefan Matteau and loses puck.
15:56 of 2nd period - Slapshot by Stefan Matteau.
15:56 of 2nd period - Shot Misses the Net.
16:04 of 2nd period - Minor Penalty to Stefan Matteau for Goalie Interference.
16:05 of 2nd period - Mike Amadio wins face-off versus Phil McRae in Coutelas zone.
16:29 of 2nd period - Juuso Riikola is hit by Martins Karsums.
18:04 of 2nd period - Penalty to Stefan Matteau is over, Stefan Matteau is back on ice.
18:06 of 2nd period - Dustin Kohn is hit by Christoph Bertschy and loses puck.
18:43 of 2nd period - Andrej Nestrasil is hit by Nick Ritchie and loses puck.
19:58 of 2nd period - Christoph Bertschy is hit by Ben Harpur and loses puck.
Goals for this period are 1 for Coutelas vs 2 for Demolitions.
Shots for this period are 3 for Coutelas vs 8 for Demolitions.
3rd period
0:01 of 3rd period - Phil McRae wins face-off versus Stefan Matteau in neutral zone.
0:14 of 3rd period - Snap shot by Brandon Saad.
0:14 of 3rd period - Shot Misses the Net.
0:16 of 3rd period - Slapshot by Dennis Everberg.
0:16 of 3rd period - Shot Misses the Net.
0:26 of 3rd period - J.T. Brown is hit by Oliver Bjorkstrand and loses puck.
1:50 of 3rd period - Snap shot by Joshua Leivo.
1:50 of 3rd period - Stopped by Joe Cannata with a rebound.
2:14 of 3rd period - Dustin Kohn is hit by Taylor Aronson and loses puck.
2:37 of 3rd period - Wrist shot by Craig Cunningham.
2:37 of 3rd period - Deflect By Stefan Matteau.
2:37 of 3rd period - Stopped by Brandon Halverson with a rebound.
2:39 of 3rd period - Snap shot by Stefan Matteau.
2:39 of 3rd period - Stopped by Brandon Halverson without a rebound.
2:40 of 3rd period - Tanner Richard wins face-off versus Andrej Nestrasil in Demolitions zone.
3:06 of 3rd period - Martins Karsums is hit by Denis Gurianov and loses puck.
3:21 of 3rd period - Minor Penalty to Taylor Aronson for Hooking.
3:22 of 3rd period - Brandon Saad wins face-off versus Martins Karsums in Demolitions zone.
3:47 of 3rd period - Brandon Saad is hit by Nick Ritchie and loses puck.
4:16 of 3rd period - Stefan Matteau is hit by J.T. Brown and loses puck.
4:29 of 3rd period - Dustin Kohn is hit by Juuso Riikola and loses puck.
5:21 of 3rd period - Penalty to Taylor Aronson is over, Taylor Aronson is back on ice.
5:47 of 3rd period - Slapshot by Taylor Beck.
5:47 of 3rd period - Shot Hit the Post.
5:57 of 3rd period - Taylor Aronson is hit by Teemu Pulkkinen and loses puck.
6:12 of 3rd period - Joshua Leivo is hit by Nick Mattson and loses puck.
6:27 of 3rd period - Nikita Scherbak is hit by Taylor Beck and loses puck.
7:06 of 3rd period - Snap shot by Brandon Saad.
7:06 of 3rd period - Stopped by Joe Cannata with a rebound.
8:16 of 3rd period - Snap shot by Andrej Nestrasil.
8:16 of 3rd period - Shot Hit the Post.
8:31 of 3rd period - Brandon Saad is hit by Dustin Kohn and loses puck.
8:42 of 3rd period - Patrick Sieloff is hit by Christoph Bertschy.
9:01 of 3rd period - Christoph Bertschy is hit by Stefan Matteau and loses puck.
9:35 of 3rd period - Taylor Beck is hit by Stefan Matteau and loses puck.
9:53 of 3rd period - Double Minor Penalty to Nick Mattson for Roughing.
9:54 of 3rd period - Andrej Nestrasil wins face-off versus Martins Karsums in Coutelas zone.
9:54 of 3rd period - Wrist shot by Dennis Everberg.
9:54 of 3rd period - Stopped by Joe Cannata with a rebound.
9:56 of 3rd period - Snap shot by Dennis Everberg.
9:56 of 3rd period - Shot Misses the Net.
9:58 of 3rd period - Snap shot by Dennis Everberg.
9:58 of 3rd period - Goal by Dennis Everberg - Coutelas : 3 - Demolitions : 5.
9:59 of 3rd period - Martins Karsums wins face-off versus Phil McRae in neutral zone.
10:07 of 3rd period - Slapshot by Brandon Saad.
10:07 of 3rd period - Stopped by Joe Cannata without a rebound.
10:08 of 3rd period - Phil McRae wins face-off versus Martins Karsums in Coutelas zone.
10:15 of 3rd period - Snap shot by Brandon Saad.
10:15 of 3rd period - Stopped by Joe Cannata with a rebound.
10:17 of 3rd period - Wrist shot by Phil McRae.
10:17 of 3rd period - Shot Blocked by Petter Granberg.
10:25 of 3rd period - Slapshot by Phil McRae.
10:25 of 3rd period - Stopped by Joe Cannata with a rebound.
10:27 of 3rd period - Slapshot by Phil McRae.
10:27 of 3rd period - Shot Misses the Net.
10:29 of 3rd period - Slapshot by Juuso Riikola.
10:29 of 3rd period - Shot Blocked by Dustin Kohn.
10:31 of 3rd period - Snap shot by Brandon Saad.
10:31 of 3rd period - Goal by Brandon Saad - Coutelas : 3 - Demolitions : 6.
10:32 of 3rd period - Phil McRae wins face-off versus Stefan Matteau in neutral zone.
10:45 of 3rd period - Wrist shot by Stefan Matteau.
10:45 of 3rd period - Shot Misses the Net.
10:59 of 3rd period - Petter Granberg is hit by J.T. Brown and loses puck.
11:44 of 3rd period - Slapshot by Phil McRae.
11:44 of 3rd period - Stopped by Joe Cannata with a rebound.
11:46 of 3rd period - Snap shot by Brandon Saad.
11:46 of 3rd period - Goal by Brandon Saad - Coutelas : 3 - Demolitions : 7.
11:47 of 3rd period - Brandon Saad wins face-off versus Stefan Matteau in neutral zone.
12:00 of 3rd period - Snap shot by Nick Mattson.
12:00 of 3rd period - Shot Misses the Net.
12:02 of 3rd period - Slapshot by Ben Harpur.
12:02 of 3rd period - Shot Blocked by Phil McRae.
12:35 of 3rd period - Off-side.
12:36 of 3rd period - Phil McRae wins face-off versus Mikhail Grigorenko in neutral zone.
12:45 of 3rd period - Snap shot by Mikhail Grigorenko.
12:45 of 3rd period - Shot Hit the Post.
12:47 of 3rd period - Wrist shot by Mikhail Grigorenko.
12:47 of 3rd period - Stopped by Brandon Halverson with a rebound.
12:49 of 3rd period - Slapshot by Patrick Sieloff.
12:49 of 3rd period - Deflect By Taylor Aronson.
12:49 of 3rd period - Stopped by Brandon Halverson without a rebound.
12:50 of 3rd period - Stefan Matteau wins face-off versus Phil McRae in Demolitions zone.
13:03 of 3rd period - Wrist shot by Brandon Saad.
13:03 of 3rd period - Stopped by Joe Cannata with a rebound.
13:05 of 3rd period - Snap shot by Brandon Saad.
13:05 of 3rd period - Stopped by Joe Cannata without a rebound.
13:06 of 3rd period - Andrej Nestrasil wins face-off versus Oliver Bjorkstrand in Coutelas zone.
13:27 of 3rd period - Minor Penalty to Dustin Kohn for Holding.
13:28 of 3rd period - Phil McRae wins face-off versus Martins Karsums in Coutelas zone.
13:50 of 3rd period - Patrick Sieloff is hit by Denis Gurianov and loses puck.
14:21 of 3rd period - Nick Ritchie is hit by Taylor Beck and loses puck.
15:27 of 3rd period - Penalty to Dustin Kohn is over, Dustin Kohn is back on ice.
15:43 of 3rd period - Wrist shot by Teemu Pulkkinen.
15:43 of 3rd period - Stopped by Brandon Halverson without a rebound.
15:44 of 3rd period - Brandon Saad wins face-off versus Tanner Richard in Demolitions zone.
15:44 of 3rd period - Brandon Saad is hit by Oliver Bjorkstrand.
16:09 of 3rd period - Icing by Nick Mattson.
16:10 of 3rd period - Mikhail Grigorenko wins face-off versus Christoph Bertschy in Coutelas zone.
16:15 of 3rd period - Christoph Bertschy is hit by Mikhail Grigorenko and loses puck.
17:08 of 3rd period - Minor Penalty to Nick Ritchie for Cross-checking.
17:09 of 3rd period - Phil McRae wins face-off versus Martins Karsums in Coutelas zone.
17:14 of 3rd period - Wrist shot by Brandon Saad.
17:14 of 3rd period - Shot Blocked by Petter Granberg.
17:16 of 3rd period - Wrist shot by Denis Gurianov.
17:16 of 3rd period - Shot Misses the Net.
17:18 of 3rd period - Slapshot by Juuso Riikola.
17:18 of 3rd period - Stopped by Joe Cannata without a rebound.
17:19 of 3rd period - Phil McRae wins face-off versus Martins Karsums in Coutelas zone.
17:26 of 3rd period - Snap shot by Brandon Saad.
17:26 of 3rd period - Shot Blocked by Martins Karsums.
17:28 of 3rd period - Snap shot by Brandon Saad.
17:28 of 3rd period - Stopped by Joe Cannata with a rebound.
17:30 of 3rd period - Slapshot by Juuso Riikola.
17:30 of 3rd period - Goal by Juuso Riikola - Coutelas : 3 - Demolitions : 8.
17:31 of 3rd period - Martins Karsums wins face-off versus Phil McRae in neutral zone.
17:34 of 3rd period - Juuso Riikola is hit by Craig Cunningham and loses puck.
17:59 of 3rd period - Slapshot by J.T. Brown.
17:59 of 3rd period - Goal by J.T. Brown - Coutelas : 3 - Demolitions : 9.
18:00 of 3rd period - Phil McRae wins face-off versus Stefan Matteau in neutral zone.
18:05 of 3rd period - Snap shot by Dennis Everberg.
18:05 of 3rd period - Stopped by Joe Cannata without a rebound.
18:06 of 3rd period - Phil McRae wins face-off versus Martins Karsums in Coutelas zone.
19:11 of 3rd period - Petter Granberg is hit by Phil McRae and loses puck.
Goals for this period are 0 for Coutelas vs 5 for Demolitions.
Shots for this period are 5 for Coutelas vs 17 for Demolitions.